 Dungeon Crawl Stone Soup version 0.18-a0-1683-gf9322e6 (webtiles) character file.

1248 Gorice the Slasher (level 8, 0/64 HPs)
             Began as a Demonspawn Monk on Apr 3, 2016.
             Was a Believer of Okawaru.
             Slain by a jelly (2 damage)
             ... on level 6 of the Dungeon.
             The game lasted 00:22:57 (4665 turns).

Gorice the Slasher (Demonspawn Monk)                Turns: 4665, Time: 00:22:58

Health: 0/64       AC: -11   Str: 14    XL:     8   Next: 26%
Magic:  8/8        EV: 13    Int: 12    God:    Okawaru [**....]
Gold:   312        SH:  0    Dex: 15    Spells: 0 memorised, 7 levels left

rFire  . . .     SeeInvis .     a - +0 falchion
rCold  . . .     Gourm    .     e - +0 ring mail
rNeg   . . .     Faith    .     (no shield)
rPois  .         Spirit   .     (helmet restricted)
rElec  .         Dismiss  .     (no cloak)
rCorr  .         Reflect  .     n - +1 pair of gloves
SustAt .         Harm     .     k - +0 pair of boots
MR     +....                    (no amulet)
Stlth  +.........               l - +5 ring of protection
                                u - ring of protection from magic

@: about to teleport, corroded, somewhat resistant to hostile enchantments, very
unstealthy
A: antennae 2, repulsion field 1, powered by death 1
a: Heroism, Renounce Religion


You were on level 6 of the Dungeon.
You worshipped Okawaru.
Okawaru was pleased with you.
You were not hungry.

You visited 1 branch of the dungeon, and saw 6 of its levels.

You collected 312 gold pieces.

Inventory:

Hand Weapons
 a - a +0 falchion (weapon)
Missiles
 i - 53 poisoned needles
 o - 25 sling bullets
 v - 9 sling bullets of flame
 Z - 114 stones (quivered)
Armour
 e - a +0 ring mail (worn)
 k - a +0 pair of boots (worn)
 n - a +1 pair of gloves (worn)
 s - a +0 buckler
 B - a +0 chain mail
Magical Staves
 r - an uncursed staff of earth
 t - an uncursed staff of energy {unknown}
Jewellery
 h - an uncursed ring of protection from fire
 l - a +5 ring of protection (right hand)
 q - an uncursed ring of stealth
 u - a ring of protection from magic (left hand)
Scrolls
 p - 2 scrolls of teleportation {!r}
 y - 3 scrolls of noise {!r}
Potions
 c - a potion of brilliance {!q}
 d - 3 potions of flight
 g - 3 potions of lignification {!q}
 j - a potion of degeneration {unknown}
 m - a potion of curing
 z - a potion of cure mutation {!q}
 A - a potion of cancellation {unknown}
 D - a potion of mutation {unknown}
Comestibles
 b - 2 bread rations {!e}
 f - 2 meat rations {!e}
 x - a beef jerky
 E - a slice of pizza


   Skills:
 - Level 6.0 Fighting
 * Level 7.7 Long Blades
 - Level 2.6 Dodging
 - Level 1.7 Stealth
 - Level 3.6 Unarmed Combat


You had 7 spell levels left.
You didn't know any spells.

Dungeon Overview and Level Annotations

Branches:
Dungeon (6/15)
 Temple: D:4-7

Altars:
Okawaru
Ru
Trog

Annotations:
D:5 UX: shafted here
D:6 Edmund


Innate Abilities, Weirdness & Mutations

You have a pair of antennae on your head.
You are surrounded by a mild repulsion field (EV +2).
You regenerate a little health from kills.


Message History

You hit the jelly but do no damage. The acid corrodes you!
Your hands burn!
The jelly is heavily wounded.
The jelly misses you.
Damage: 4 (max 4)
You hit the jelly but do no damage.
Your hands burn!
The jelly is heavily wounded.
The jelly barely misses you.
You hit the jelly.
Your hands burn!
The jelly is severely wounded.
The jelly hits you.
You are splashed with acid!
The acid burns!
Damage: 12 (max 12)
You completely miss the jelly.
The jelly is severely wounded.
The jelly hits you.
You are splashed with acid!
The acid corrodes you!
The acid burns!
* * * LOW HITPOINT WARNING * * *
Damage: 7 (max 12)
You hit the jelly but do no damage.
Your hands burn!
* * * LOW HITPOINT WARNING * * *
The jelly is severely wounded.
Damage: 3 (max 12)
You completely miss the jelly.
The jelly is severely wounded.
The jelly hits you.
* * * LOW HITPOINT WARNING * * *
You are splashed with acid!
The acid corrodes you!
The acid burns!
* * * LOW HITPOINT WARNING * * *
Damage: 9 (max 12)
You hit the jelly but do no damage.
Your hands burn!
* * * LOW HITPOINT WARNING * * *
The jelly is severely wounded.
The jelly hits you.
* * * LOW HITPOINT WARNING * * *
You are splashed with acid!
The acid burns!
* * * LOW HITPOINT WARNING * * *
Damage: 10 (max 12)
You feel less regenerative. The jelly hits you.
* * * LOW HITPOINT WARNING * * *
You are splashed with acid!
The acid corrodes you!
The acid burns!
* * * LOW HITPOINT WARNING * * *
You see here a chain mail.
Damage: 6 (max 12) Drink which item? (? for menu, Esc to quit)
Okay, then.
Read which item? (? for menu, Esc to quit)
Really read
p - 3 scrolls of teleportation {!r}?
As you read the scroll of teleportation {!r}, it crumbles to dust.
You feel strangely unstable. The jelly hits you.
You die...

...)...## ..?...<.
.......# .......# ###
.......###.. ....(..##..
.......##.# ###
.......##.#########..###
..............[J@....#
...........########..#
[.....>....# #
##.........#
##.........###
<..............
#.####.######## ..#
.............. ..
#.####.####### ##.#


You could see a jelly.

Vanquished Creatures
  Grinder (D:3)
  The ghost of Gorice the Slasher, an amateur DsWr (D:5)
  3 ogres
  2 scorpions (D:4)
  A jelly (D:3)
  3 orc priests
  3 orc wizards
  3 worker ants
  2 iguanas
  Robin (D:3)
  4 gnolls (D:4)
  6 adders
  A shadow imp (D:5)
  4 oozes
  An adder skeleton (D:5)
  2 worms
  2 dart slugs (D:1)
  8 giant geckos
  14 orcs
  7 bats
  2 giant cockroaches
  23 goblins
  5 hobgoblins
  2 jackals (D:3)
  4 quokkas
  4 giant newts
  5 kobolds
  A quokka skeleton (D:4)
  9 rats
124 creatures vanquished.

Vanquished Creatures (others)
  A giant newt (D:3)
1 creature vanquished.

Grand Total: 125 creatures vanquished

Notes
Turn   | Place    | Note
--------------------------------------------------------------
     0 | D:1      | Gorice the Demonspawn Monk began the quest for the Orb.
     0 | D:1      | Reached XP level 1. HP: 18/18 MP: 1/1
   103 | D:1      | Gained mutation: You have a pair of small antennae on your head. [demonic ancestry]
   103 | D:1      | Reached XP level 2. HP: 18/24 MP: 2/2
   349 | D:1      | Reached skill level 4 in Fighting
   417 | D:1      | Gained mutation: You regenerate a little health from kills. [demonic ancestry]
   417 | D:1      | Reached XP level 3. HP: 27/30 MP: 3/3
  1777 | D:3      | Reached skill level 5 in Fighting
  1777 | D:3      | Reached XP level 4. HP: 30/39 MP: 4/4
  2115 | D:4      | Noticed an ogre
  2137 | D:4      | Noticed Robin
  2143 | D:4      | Reached XP level 5. HP: 46/46 MP: 5/5
  2154 | D:3      | Killed Robin
  2157 | D:3      | --Damn Rob had a runed helm but got antennae!
  2203 | D:3      | Reached skill level 1 in Long Blades
  2300 | D:3      | Reached skill level 6 in Fighting
  2413 | D:4      | Noticed Grinder
  2445 | D:4      | You fall through a shaft!
  2445 | D:5      | Entered Level 5 of the Dungeon
  2445 | D:5      | Noticed an ogre
  2473 | D:5      | Killed an ogre
  2473 | D:5      | Reached skill level 2 in Long Blades
  2473 | D:5      | Gained mutation: You have a pair of antennae on your head. [demonic ancestry]
  2473 | D:5      | Reached XP level 6. HP: 31/52 MP: 6/6
  2543 | D:5      | Reached skill level 3 in Long Blades
  3057 | D:4      | Reached skill level 4 in Long Blades
  3122 | D:4      | Found a sacrificial altar of Ru.
  3554 | D:4      | Gained mutation: You are surrounded by a mild repulsion field (EV +2). [demonic ancestry]
  3554 | D:4      | Reached XP level 7. HP: 44/58 MP: 7/7
  3595 | D:4      | Reached skill level 5 in Long Blades
  3712 | D:4      | Reached skill level 6 in Long Blades
  3767 | D:4      | Found a bloodstained altar of Trog.
  3800 | D:4      | Found an iron altar of Okawaru.
  3803 | D:4      | Became a worshipper of Warmaster Okawaru
  3803 | D:4      | Reached * piety under Okawaru
  3803 | D:4      | Reached ** piety under Okawaru
  3916 | D:3      | Paralysed by Grinder for 4 turns
  3935 | D:3      | Killed Grinder
  3935 | D:3      | Reached XP level 8. HP: 21/64 MP: 8/8
  4140 | D:4      | Reached skill level 7 in Long Blades
  4453 | D:5      | Noticed Gorice's ghost (amateur DsWr)
  4510 | D:5      | Killed Gorice's ghost
  4634 | D:6      | Noticed Edmund
  4659 | D:6      | HP: 17/64 [acid (9)]
  4660 | D:6      | HP: 7/64 [acid (8)]
  4662 | D:6      | HP: 2/64 [acid (5)]
  4665 | D:6      | Slain by a jelly

Vault maps used:
D:1:      elethiomel_arrival_maze
D:4:      nicolae_ru_path_of_blood, kennysheep_mini, lightli_temple_of_fire,
          first_bread, uniq_grinder, uniq_robin
D:5:      serial_curves, eino_curves_03, eino_curves_02, minmay_lizard_king
D:6:      cheibriados_altar_1, lemuel_doored_altar,
          eino_small_chamber_without_monster, tgw_kikubaaqudgha, uniq_edmund

Skill      XL: |  1  2  3  4  5  6  7  8 |
---------------+-------------------------+-----
Fighting       | 4 5 6 |  6.0
Long Blades    | 2 4 6 7 |  7.7
Dodging        | |  2.6
Stealth        | |  1.7
Unarmed Combat | |  3.6

Action                   |  1- 3 |  4- 6 |  7- 9 || total
-------------------------+-------+-------+-------++-------
Melee: Unarmed           |   246 |    81 |       ||   327
       Falchion          |       |   210 |   217 ||   427
Throw: Stone             |    13 |     4 |    20 ||    37
  Use: Scroll            |     5 |     6 |     4 ||    15
       Potion            |       |     1 |       ||     1
 Stab: Sleeping          |     6 |       |       ||     6
       Invisible         |       |     3 |       ||     3
  Eat: Chunk             |     3 |     6 |     4 ||    13

Table legend:
 A = Turns spent in this place as a percentage of turns spent in the entire game.
 B = Non-inter-level travel turns spent in this place as a percentage of non-inter-level travel turns spent in the entire game.
 C = Inter-level travel turns spent in this place as a percentage of turns spent in this place.
 D = Turns resting spent in this place as a percentage of non-inter-level travel turns spent in this place.
 E = Turns spent auto-exploring this place as a percentage of non-inter-level travel turns spent in this place.
 F = Non-inter-level travel turns spent in this place divided by the number of levels of this place that you've seen.
                   A       B       C       D       E      F
               +-------+-------+-------+-------+-------+----------------------
         Total | 100.0 | 100.0 |   0.6 |   1.2 |   4.1 | 387.0
       Dungeon | 100.0 | 100.0 |   0.6 |   1.2 |   4.1 | 387.0
               +-------+-------+-------+-------+-------+----------------------

Vault maps used:
D:1:      elethiomel_arrival_maze
D:4:      nicolae_ru_path_of_blood, kennysheep_mini, lightli_temple_of_fire,
          first_bread, uniq_grinder, uniq_robin
D:5:      serial_curves, eino_curves_03, eino_curves_02, minmay_lizard_king
D:6:      cheibriados_altar_1, lemuel_doored_altar,
          eino_small_chamber_without_monster, tgw_kikubaaqudgha, uniq_edmund
